[Event "*** Titled Tuesday Blitz"]
[Site "Chess.com"]
[Date "2020.11.10"]
[Round "9"]
[White "MarcoRiehle"]
[Black "esapunov"]
[Result "0-1"]
[WhiteElo "2673"]
[BlackElo "2720"]
[TimeControl "180+1"]
[EndTime "11:51:54 PST"]
[Termination "esapunov won by resignation"]

1. e4 c5 2. a3 e6 3. b4 b6 4. Bb2 Bb7 5. bxc5 Bxe4 6. cxb6 Qxb6 7. Bc3 Nf6 8. Nf3 Nc6 9. d4 Nd5 10. Be2 Be7 11. O-O O-O 12. Ra2 Rab8 13. Ba1 Nf4 14. Nbd2 Bg6 15. Nc4 Qa6 16. Re1 Nxe2+ 17. Qxe2 Bf6 18.
h3 Rfc8 19. Nd6 Qxe2 20. Rxe2 Rd8 21. Rb2 Rxb2 22. Bxb2 Be7 23. Nb5 Rb8 24. c4 Bd3 25. Rd2 Bxc4 26. Nc3 d5 27. g4 h6 28. Nd1 Bf6 29.
Ne3 Rb3 30. Rc2 Na5 31. Kg2 Kh7 32. h4 Bd3 33. Rd2 Be4 34. Bc1 Nc4 35. Re2 Bxd4 36.
g5 hxg5 37. hxg5 Bxe3 38. fxe3 Ne5 39. g6+ Kxg6 40. Kf2 Nxf3 41. a4 f6 42. Ra2 a6 43. a5 e5 44. Bb2 Kf5 45. Ba3 g5 46.
Ra1 g4 47. Be7 Rb2+ 48. Kg3 Ng5 49. Rg1 Bf3 50. Rc1 Ne4+ 0-1

[Event "*** Titled Tuesday Blitz"]
[Site "Chess.com"]
[Date "2020.11.10"]
[Round "9"]
[White "Grieve72"]
[Black "azikom"]
[Result "0-1"]
[WhiteElo "2389"]
[BlackElo "2560"]
[TimeControl "180+1"]
[EndTime "11:51:54 PST"]
[Termination "azikom won by resignation"]

1. d4 Nf6 2. Bg5 e6 3. Nd2 h6 4. Bh4 d5 5. e3 Be7 6. Bd3 c5 7. c3 Nc6 8. f4 b6 9. Ngf3 Bb7 10.
O-O Nd7 11. Bxe7 Qxe7 12. Ne5 O-O 13. Qh5 a5 14. Rf3 Nf6 15. Qh3 cxd4 16. exd4 Ne4 17.
Bxe4 dxe4 18. Rg3 Nxe5 19. fxe5 f5 20. Qxh6 f4 21. Rg6 f3 22. Rxe6 gxh6 23. Rxe7 f2+ 24. Kf1 Ba6+ 25. c4 e3 26. b3 exd2 27. Rd1 Rac8 28.
Rxd2 Rxc4 29. bxc4 Bxc4+ 30. Re2 Bxe2+ 31. Kxe2 f1=Q+ 32. Ke3 Qxg2 33. e6 Qxh2 34. d5 Qe5+ 35. Kd3 Qxd5+ 0-1

[Event "*** Titled Tuesday Blitz"]
[Site "Chess.com"]
[Date "2020.11.10"]
[Round "9"]
[White "midedu"]
[Black "Ladislav1969"]
[Result "0-1"]
[WhiteElo "2084"]
[BlackElo "2273"]
[TimeControl "180+1"]
[EndTime "11:51:54 PST"]
[Termination "Ladislav1969 won by resignation"]

1. e4 c5 2. Nc3 e6 3. g3 Nc6 4. Bg2 g6 5. Nge2 Bg7 6. O-O Nge7 7. d3 d5 8. exd5 exd5 9. Bg5 h6 10. Bxe7 Nxe7 11.
Nf4 d4 12. Ne4 Qc7 13. Re1 O-O 14. b3 Bf5 15. a4 Rad8 16. Nd2 Nc6 17. Nc4 Rfe8 18.
Qd2 Ne5 19. Nxe5 Rxe5 20. Rxe5 Bxe5 21. Nd5 Qd7 22. Qxh6 Qe6 23. Nf4 Bxf4 24. Qxf4 Qe2 25. Rc1 b6 26. Bf3 Qe7 27. h4 Kg7 28. Ra1 a5 29. Kf1 Re8 30. Kg2 Qf6 31. Rh1 Be6 32. Qd6 Bh3+ 33. Rxh3 Qxd6 34. h5 g5 35. Rh1 f5 36. h6+ Kh7 0-1

[Event "*** Titled Tuesday Blitz"]
[Site "Chess.com"]
[Date "2020.11.10"]
[Round "9"]
[White "rududuyk"]
[Black "Margarita2907"]
[Result "0-1"]
[WhiteElo "2148"]
[BlackElo "2218"]
[TimeControl "180+1"]
[EndTime "11:51:54 PST"]
[Termination "Margarita2907 won by resignation"]

1. e4 c5 2. Nc3 a6 3. a4 d6 4. Bc4 e6 5. f4 Nf6 6. d3 Be7 7. Nf3 O-O 8. O-O Nc6 9. Qe1 d5 10. Ba2 dxe4 11. dxe4 Nd4 12. Nxd4 cxd4 13. Nd1 d3 14. c3 Bc5+ 15. Kh1 Bd7 16. e5 Nd5 17.
Qe4 Bc6 18. Qxd3 Qh4 19. Qg3 Qe7 20. b4 Ba7 21. a5 Rfd8 22. f5 exf5 23. Bg5 Qe6 24.
Bxd8 Rxd8 25. Nb2 f4 26. Qg5 Qe8 27. Nc4 Nxc3 28. Nd6 Rxd6 29. exd6 Be3 30. Bc4 Qd7 31. Qh5 g6 32. Qe5 Qh3 33. Qe8+ Bxe8 34. Rae1 Bc6 0-1

[Event "*** Titled Tuesday Blitz"]
[Site "Chess.com"]
[Date "2020.11.10"]
[Round "9"]
[White "Matibar"]
[Black "Zhigalko_Sergei"]
[Result "0-1"]
[WhiteElo "2776"]
[BlackElo "2923"]
[TimeControl "180+1"]
[EndTime "11:51:55 PST"]
[Termination "Zhigalko_Sergei won on time"]

1. e4 c5 2. Nf3 Nc6 3. Nc3 Nf6 4. Bb5 Qc7 5. O-O Nd4 6. h3 a6 7. Be2 e6 8. Re1 Bd6 9. Bf1 O-O 10. d3 Nxf3+ 11.
Qxf3 Be5 12. g4 b5 13. Ne2 Bb7 14. g5 Ne8 15. Qg2 f5 16. f4 Bd6 17. Qf3 c4 18.
Bg2 Bc5+ 19. Kh1 Nd6 20. Ng3 Rf7 21. Qe2 fxe4 22. dxe4 Raf8 23. Rf1 g6 24. c3 e5 25. f5 gxf5 26. Qh5 f4 27. Ne2 Nxe4 28. Kh2 Rg7 29.
h4 d5 30. b4 Bd6 0-1

[Event "*** Titled Tuesday Blitz"]
[Site "Chess.com"]
[Date "2020.11.10"]
[Round "9"]
[White "Jenia84"]
[Black "zurzan"]
[Result "1-0"]
[WhiteElo "2317"]
[BlackElo "2065"]
[TimeControl "180+1"]
[EndTime "11:51:55 PST"]
[Termination "Jenia84 won on time"]

1. Nf3 d6 2. b3 e5 3. Bb2 Nc6 4. d4 e4 5. Nfd2 d5 6. c4 f5 7. Nc3 dxc4 8. Nxc4 Qxd4 9. Qxd4 Nxd4 10. O-O-O Bc5 11.
Na4 b6 12. Nxc5 bxc5 13. e3 Ne6 14. Ne5 Ne7 15. Bb5+ Kf8 16. Nd7+ Kf7 17. Bc4 Bxd7 18. Rxd7 Rad8 19. Rhd1 Rxd7 20. Rxd7 Re8 21. Rxc7 a5 22.
Rxc5 Rc8 23. Rxc8 Nxc8 24. Bc3 a4 25. bxa4 Nb6 26. Bxe6+ Kxe6 27. a5 Nc4 28. a6 Nb6 29. Bxg7 Kd5 30. Bd4 Na8 31. a7 Kc4 32. Kd2 h5 33.
Ke2 Kd5 34. f3 h4 35. h3 Nc7 36. a4 Na8 37. Kf2 Nc7 38. g3 hxg3+ 39. Kxg3 Na8 40.
h4 Ke6 41. fxe4 fxe4 42. Kf4 1-0

[Event "*** Titled Tuesday Blitz"]
[Site "Chess.com"]
[Date "2020.11.10"]
[Round "9"]
[White "Michaelson_11"]
[Black "Evachess2006"]
[Result "1-0"]
[WhiteElo "2102"]
[BlackElo "1623"]
[TimeControl "180+1"]
[EndTime "11:51:56 PST"]
[Termination "Michaelson_11 won on time"]

1. e4 e5 2. Nf3 Nc6 3. Nc3 Nf6 4.
Bb5 Bb4 5. d3 d6 6. O-O O-O 7. Bg5 a6 8. Bc4 Be6 9. Nd5 Bxd5 10.
exd5 Nd4 11. c3 Nxf3+ 12. Qxf3 Ba5 13. Bb3 b5 14. c4 bxc4 15. dxc4 Bb6 16. Bc2 h6 17.
Be3 Re8 18. b4 e4 19. Qg3 Nh5 20. Qg4 Nf6 21. Qh4 Bxe3 22. fxe3 Qe7 23. Rf5 Qd7 24.
Raf1 Re5 25. Rxe5 dxe5 26. Rxf6 gxf6 27. Qxf6 Qg4 28. Qf2 Qg5 29. Bxe4 f6 30. h3 Rd8 31.
Kh2 c6 32. dxc6 Rc8 33. b5 axb5 34. cxb5 Rb8 35. a4 1-0

[Event "*** Titled Tuesday Blitz"]
[Site "Chess.com"]
[Date "2020.11.10"]
[Round "9"]
[White "German_Bazeev"]
[Black "Oleksandr_Bortnyk"]
[Result "0-1"]
[WhiteElo "2742"]
[BlackElo "2910"]
[TimeControl "180+1"]
[EndTime "11:51:57 PST"]
[Termination "Oleksandr_Bortnyk won by resignation"]

1. d4 d6 2. e4 Nf6 3. Nc3 Nbd7 4.
Nge2 c5 5. h3 Qa5 6. Bd2 cxd4 7.
Nxd4 Nxe4 8. Nxe4 Qe5 9. Bd3 Qxd4 10. O-O d5 11. Ng5 e6 12. Re1 Bc5 13. Bc3 Qxf2+ 14. Kh1 Nf6 15. Rf1 Qg3 16. Bb5+ Ke7 17. Nf3 Ne4 18.
Be5 Nf2+ 19. Rxf2 Qxf2 20. c4 f6 21. Bc3 a6 22. Ba4 dxc4 23. Qc1 Be3 24. Qb1 b5 25. Qe4 Ra7 26. Qg4 Kf7 27. Be1 Qf1+ 28. Kh2 bxa4 29. Rd1 e5 30. Qh5+ g6 31. Qh4 Bf4+ 32. Bg3 Qxd1 0-1

[Event "*** Titled Tuesday Blitz"]
[Site "Chess.com"]
[Date "2020.11.10"]
[Round "9"]
[White "PattyCastillo"]
[Black "queen_iryna"]
[Result "0-1"]
[WhiteElo "1981"]
[BlackElo "2272"]
[TimeControl "180+1"]
[EndTime "11:51:57 PST"]
[Termination "queen_iryna won on time"]

1. d4 d6 2. Nc3 Nf6 3. e4 e5 4.
dxe5 dxe5 5. Qxd8+ Kxd8 6. Bg5 Be6 7. O-O-O+ Nd7 8. Nf3 Kc8 9. Bxf6 gxf6 10. Bb5 c6 11.
Ba4 Bb4 12. Bb3 Kc7 13. Nh4 Rhg8 14. g3 Nc5 15. f3 Bxc3 16. bxc3 a5 17. Rhe1 b5 18. Ng2 Rgd8 19. Ne3 Rxd1+ 20. Rxd1 h5 21. Nf5 Bxf5 22. exf5 Rf8 23. a3 a4 24. Ba2 Nb7 25. g4 Nd6 26. h3 hxg4 27. hxg4 Rh8 28. Kb2 Rh3 29. Rd3 Rh2 30. Re3 Rg2 31. Rd3 e4 32. fxe4 Rxg4 33. Rd4 Rxe4 34. Rxe4 Nxe4 35. Bxf7 Kd6 36.
c4 Ng3 37. cxb5 cxb5 38. Be8 Kc5 39. Bd7 Ne4 40. Kc1 Kc4 41. Kb2 Nc5 42. Bc8 Kd5 43. Kc3 Kc6 44. Kb4 Ne4 45. Be6 Nd6 0-1

[Event "*** Titled Tuesday Blitz"]
[Site "Chess.com"]
[Date "2020.11.10"]
[Round "9"]
[White "Klavdia_Nik"]
[Black "Leo_C"]
[Result "0-1"]
[WhiteElo "2110"]
[BlackElo "2275"]
[TimeControl "180+1"]
[EndTime "11:51:57 PST"]
[Termination "Leo_C won by resignation"]

1. Nf3 d5 2. c4 e6 3. b3 Nf6 4.
Bb2 b6 5. g3 Bb7 6. Bg2 Nbd7 7.
O-O Bd6 8. cxd5 exd5 9. d4 Qe7 10. Nc3 a6 11. e3 O-O 12. Rc1 Rac8 13. Qc2 Rfd8 14.
Rfd1 c5 15. dxc5 bxc5 16. Qf5 g6 17. Qg5 Ne5 18. Nxe5 Qxe5 19. Qxe5 Bxe5 20. Na4 Bxb2 21. Nxb2 Rc7 22. Na4 Rdc8 23. Bh3 Nd7 24. Bxd7 Rxd7 25. Rxc5 Re8 26. Nc3 d4 27. Na4 dxe3 28. Re1 exf2+ 29. Kxf2 Rd2+ 30. Kf1 Bg2+ 0-1

[Event "*** Titled Tuesday Blitz"]
[Site "Chess.com"]
[Date "2020.11.10"]
[Round "9"]
[White "yobdc"]
[Black "sokidze"]
[Result "1-0"]
[WhiteElo "2453"]
[BlackElo "2551"]
[TimeControl "180+1"]
[EndTime "11:51:58 PST"]
[Termination "yobdc won by checkmate"]

1. d4 Nf6 2. Nf3 e6 3. e3 b6 4. Bd3 Bb7 5. b3 c5 6. Bb2 d6 7. Nbd2 Be7 8. O-O O-O 9. c4 Nbd7 10. Qe2 a6 11. Rfd1 Qc7 12. Rac1 Rac8 13. Bb1 Qb8 14. e4 cxd4 15. Nxd4 Nc5 16. f3 Bd8 17. Nf1 Bc7 18. Qf2 Bd8 19. Qg3 Ba8 20. Ne3 Ncd7 21. Ne2 b5 22. Kh1 Be7 23. Qh3 bxc4 24. Nxc4 d5 25. exd5 Bxd5 26. Ne3 Rxc1 27. Rxc1 h6 28. Nxd5 Nxd5 29. Nd4 Nf4 30. Qg3 Bf6 31. Rd1 Nd5 32. Qg4 Ne5 33. Qe4 Qc7 34. Nb5 axb5 35. Qh7# 1-0

[Event "*** Titled Tuesday Blitz"]
[Site "Chess.com"]
[Date "2020.11.10"]
[Round "9"]
[White "tlomigtlis"]
[Black "Das_Virus_2020"]
[Result "0-1"]
[WhiteElo "2575"]
[BlackElo "2430"]
[TimeControl "180+1"]
[EndTime "11:51:58 PST"]
[Termination "Das_Virus_2020 won by checkmate"]

1. d4 Nf6 2. c4 c5 3. d5 b5 4.
cxb5 a6 5. bxa6 g6 6. Nc3 Bxa6 7. e4 Bxf1 8. Kxf1 d6 9. Nf3 Nbd7 10. g3 Bg7 11.
Kg2 O-O 12. a4 Qb6 13. Qe2 Rfb8 14. Bd2 Qa6 15. Nb5 Ne8 16. Bc3 Qb7 17. Bxg7 Kxg7 18. Rhd1 Nc7 19. Nxc7 Qxc7 20. Ra3 Rb4 21. Rda1 Nb6 22. b3 Ra5 23. Nd2 Qb7 24. f3 f6 25. h4 c4 26. bxc4 Rbxa4 27. Rxa4 Rxa4 28. Rb1 Qa6 29. Rc1 Ra2 30. Kf1 Qa3 31. Rd1 Qc3 32. Ke1 Qc2 33. f4 Na4 34. e5 Nc3 35. exf6+ exf6 36. Qe7+ Kh6 37. Qf8+ Kh5 38. g4+ Kxg4 39. Qc8+ f5 40. Qd8 Qxd1+ 41. Kf2 Rxd2+ 42. Ke3 Qe2# 0-1

[Event "*** Titled Tuesday Blitz"]
[Site "Chess.com"]
[Date "2020.11.10"]
[Round "9"]
[White "Paralinch"]
[Black "AnishOnYoutube"]
[Result "1-0"]
[WhiteElo "2867"]
[BlackElo "2966"]
[TimeControl "180+1"]
[EndTime "11:51:59 PST"]
[Termination "Paralinch won by resignation"]

1. e4 c5 2. Nf3 d6 3. d4 cxd4 4. Nxd4 Nf6 5. Nc3 a6 6. Be3 e5 7. Nf3 Be7 8. Bc4 O-O 9. O-O Nc6 10. Qe2 Na5 11. Bb3 h6 12. Rfd1 Nxb3 13. cxb3 Qe8 14. a4 Be6 15. Nd2 b5 16. axb5 axb5 17. Nxb5 Rxa1 18.
Rxa1 Qb8 19. Na7 Qb7 20. Qa6 Qxa6 21. Rxa6 d5 22. Nc6 Bd6 23. exd5 Nxd5 24. Nc4 Nb4 25. Nxb4 Bxb4 26. Rb6 Be7 27. Nxe5 Bd8 28. Rb8 Bf6 29.
Rxf8+ Kxf8 30. Nc4 Ke8 31. Kf1 Kd7 32. Ke2 Kc6 33. Bd2 Be7 34. Bc3 f6 35. Nd2 h5 36. b4 h4 37. Nf3 Bc4+ 38. Ke3 g5 39.
Ke4 Kd7 40. Kf5 Bd3+ 41. Kg4 Be2 42. h3 Ke6 43. b5 f5+ 44. Kh5 g4 45. Nd4+ Kf7 46. Nxe2 1-0

[Event "*** Titled Tuesday Blitz"]
[Site "Chess.com"]
[Date "2020.11.10"]
[Round "9"]
[White "vladislavkovalev"]
[Black "vovachesss"]
[Result "1-0"]
[WhiteElo "2858"]
[BlackElo "2682"]
[TimeControl "180+1"]
[EndTime "11:51:59 PST"]
[Termination "vladislavkovalev won by resignation"]

1. e4 e5 2. Nf3 d5 3. Nxe5 Bd6 4. d4 dxe4 5. Nc4 Nf6 6. Be2 O-O 7.
Nxd6 Qxd6 8. Be3 Rd8 9. O-O c5 10. dxc5 Qe7 11. Qc1 Nbd7 12. Rd1 Ne5 13. Rxd8+ Qxd8 14.
Nc3 Be6 15. Qd2 Qc8 16. Rd1 Neg4 17. h3 Nxe3 18. Qxe3 Qc6 19. b4 a6 20. Rd6 Qc7 21.
Nxe4 Nxe4 22. Qxe4 a5 23. a3 h6 24. Bd3 g6 25. Qd4 axb4 26. axb4 Qe7 27. Qe5 Qh4 28. Rd4 Qe7 29. Bc4 Re8 30. Bxe6 Qxe6 31. Qxe6 Rxe6 32. Kf1 b6 33. Rd6 Re4 34. Rxb6 Rc4 35. c6 Rxc2 36. b5 Kg7 37. Rb7 Kf6 38. c7 Ke5 39. b6 Kd4 40. g3 Ke4 41. Kg2 1-0

[Event "*** Titled Tuesday Blitz"]
[Site "Chess.com"]
[Date "2020.11.10"]
[Round "9"]
[White "suyu28"]
[Black "BegmuratovKh2010"]
[Result "0-1"]
[WhiteElo "2624"]
[BlackElo "2482"]
[TimeControl "180+1"]
[EndTime "11:51:59 PST"]
[Termination "BegmuratovKh2010 won by resignation"]

1. e4 e5 2. Nf3 Nc6 3. Bb5 Nf6 4. O-O Nxe4 5. Re1 Nd6 6. Nxe5 Be7 7. Bf1 O-O 8. d4 Bf6 9. Nf3 Ne7 10. c4 Ng6 11. Nc3 c6 12. g3 Nf5 13. h4 d5 14.
h5 Nge7 15. g4 Nh4 16. Nxh4 Bxh4 17. c5 f5 18. g5 f4 19. Re5 Nf5 20. Bxf4 Bxg5 21.
Bh2 Bf6 22. Qd3 Bxe5 23. Bxe5 Qg5+ 24. Bg2 Nh4 25. Qg3 Qxg3 26. fxg3 Nxg2 27. Kxg2 Bg4 28.
h6 gxh6 29. Bf4 Kg7 30. Nd1 Rae8 31. Nc3 h5 32. b4 Kg6 33. b5 h4 34. bxc6 bxc6 35.
Rb1 hxg3 36. Kxg3 h5 37. Rb7 Rf6 38. Rd7 Bxd7 39. Be5 Rxe5 40. dxe5 Rf5 41. Ne2 Rxe5 42. Nf4+ Kg5 43. Ng2 h4+ 44. Kh2 Kg4 45. Kg1 Kg3 46.
Kf1 Bh3 0-1

[Event "*** Titled Tuesday Blitz"]
[Site "Chess.com"]
[Date "2020.11.10"]
[Round "9"]
[White "QuintilianoR"]
[Black "Makswolf200817"]
[Result "1-0"]
[WhiteElo "2678"]
[BlackElo "2443"]
[TimeControl "180+1"]
[EndTime "11:51:59 PST"]
[Termination "QuintilianoR won by resignation"]

1. e4 e6 2. d4 d5 3. Nd2 c5 4.
exd5 exd5 5. Ngf3 a6 6. Be2 c4 7. O-O Bd6 8. b3 cxb3 9. axb3 Nf6 10. Ne5 O-O 11. Bd3 Nc6 12. Nxc6 bxc6 13. h3 a5 14. Nf3 h6 15. Ne5 Qc7 16. Re1 Be6 17. Qf3 c5 18.
Bxh6 cxd4 19. Qg3 Nh5 20. Qh4 Bxe5 21. Qxh5 f5 22. Bd2 Rf6 23. Bxa5 Rxa5 24. Rxa5 Bh2+ 25. Kh1 Qxa5 26. Qe8+ Kh7 27. Rxe6 Bf4 28. Qh5+ Bh6 29. Bxf5+ g6 30. Bxg6+ Kg7 31. Rxf6 Qe1+ 32. Kh2 Kxf6 33. Qxh6 Qe5+ 34. f4 Qe1 35. Bd3+ Ke7 36. Qg5+ Kd7 37. Qxd5+ Kc8 38. Bf5+ Kc7 39. Qe5+ 1-0

[Event "*** Titled Tuesday Blitz"]
[Site "Chess.com"]
[Date "2020.11.10"]
[Round "9"]
[White "Aygehovit1992"]
[Black "PSvidler"]
[Result "1/2-1/2"]
[WhiteElo "2681"]
[BlackElo "2862"]
[TimeControl "180+1"]
[EndTime "11:52:00 PST"]
[Termination "Game drawn - insufficient material"]

1. e4 c5 2. Nf3 e6 3. d4 cxd4 4.
Nxd4 a6 5. Nc3 Qc7 6. Be2 Nf6 7. O-O Bb4 8. Qd3 d6 9. Bg5 Nbd7 10. Nb3 O-O 11. Rad1 h6 12. Bh4 b5 13. a3 Bxc3 14. bxc3 d5 15. Bg3 Qc6 16. Nd4 Qc5 17. exd5 Nxd5 18.
Bf3 N7f6 19. Be5 Ra7 20. Bxd5 Nxd5 21. Qg3 f6 22. Bd6 Qxc3 23. Bxf8 Qxg3 24. hxg3 Kxf8 25. Rfe1 Kf7 26. Nc6 Rd7 27. Nb4 Bb7 28. a4 Rc7 29.
Nxd5 Bxd5 30. axb5 axb5 31. Rb1 Bc4 32. Red1 g5 33.
Rd6 Kg6 34. g4 h5 35. gxh5+ Kxh5 36. f3 Kg6 37. Kf2 Kf5 38. Kg3 Ke5 39. Rb6 f5 40.
Re1+ Kd4 41. Kf2 Kc3 42. Rexe6 Bxe6 43. Rxe6 Kxc2 44. Re5 b4 45. Rxf5 b3 46. Rxg5 b2 47.
Rb5 b1=Q 48. Rxb1 Kxb1 49. Ke3 Kc2 50. Kd4 Rd7+ 51. Ke5 Kd3 52. g4 Ke3 53. g5 Kxf3 54. g6 Ra7 55. Kf6 Ra6+ 56. Kf7 Ra7+ 57. Kf8 Ra8+ 58.
Kf7 Kf4 59. g7 Kf5 60. g8=Q Rxg8 61. Kxg8 1/2-1/2

[Event "*** Titled Tuesday Blitz"]
[Site "Chess.com"]
[Date "2020.11.10"]
[Round "9"]
[White "B-man"]
[Black "ExtremeLearner"]
[Result "1-0"]
[WhiteElo "2555"]
[BlackElo "2398"]
[TimeControl "180+1"]
[EndTime "11:52:00 PST"]
[Termination "B-man won by checkmate"]

1. e4 c6 2. d4 d5 3. exd5 cxd5 4. Bd3 Nc6 5. c3 Nf6 6. Ne2 Bg4 7. h3 Bh5 8. O-O e6 9. Qb3 Qd7 10. Nf4 Bg6 11. Re1 Bd6 12. Qd1 O-O 13. Nxg6 hxg6 14. Nd2 Rae8 15. Nf3 e5 16. dxe5 Nxe5 17. Nxe5 Rxe5 18.
Be3 Rfe8 19. Qd2 a6 20. Bd4 Ne4 21. Bxe4 Rxe4 22. Rxe4 Rxe4 23. Be3 Kh7 24. Rd1 d4 25. Bxd4 Bf4 26. Qd3 Qe6 27. g3 Re1+ 28. Rxe1 Qxe1+ 29. Kg2 Bc1 30. b3 Bh6 31. Qf3 Qa1 32. Qxf7 Qxa2 33.
Qxb7 a5 34. h4 Qd2 35. Qe4 Qd1 36. c4 Kh8 37. Qe8+ Kh7 38. Qe4 Kh8 39. c5 Qxb3 40.
c6 Qb8 41. Be5 Qc8 42. Qxg6 a4 43. Qxh6+ Kg8 44. Qxg7# 1-0

[Event "*** Titled Tuesday Blitz"]
[Site "Chess.com"]
[Date "2020.11.10"]
[Round "9"]
[White "chenxiaoyuer"]
[Black "VladimirPotkin"]
[Result "1-0"]
[WhiteElo "2547"]
[BlackElo "2657"]
[TimeControl "180+1"]
[EndTime "11:52:01 PST"]
[Termination "chenxiaoyuer won by resignation"]

1. e4 e5 2. Nf3 Nc6 3. Bb5 g6 4. d4 exd4 5. Bg5 Be7 6. Bxe7 Qxe7 7. Bxc6 dxc6 8. Qxd4 Nf6 9. Nc3 Bg4 10. Nd2 c5 11.
Qe3 O-O-O 12. h3 Be6 13. O-O-O Nd7 14. f4 Nb8 15. e5 Nc6 16. Nde4 Nd4 17. Nf6 Bf5 18.
Nce4 Qe6 19. b3 Qa6 20. a4 Qa5 21. g4 Bxe4 22. Nxe4 Qb4 23. Kb2 Ne6 24. f5 gxf5 25.
gxf5 Nd4 26. Rhf1 Rhe8 27. Nf6 Re7 28. Qe4 c4 29. Nd5 Rxd5 30. Qxd5 c3+ 31. Ka2 Rd7 32. Qe4 a5 33. e6 fxe6 34. fxe6 Rd8 35. e7 Re8 36.
Rxd4 Qxe7 37. Qxe7 Rxe7 38. Rf8+ 1-0

[Event "*** Titled Tuesday Blitz"]
[Site "Chess.com"]
[Date "2020.11.10"]
[Round "9"]
[White "MaxLeto"]
[Black "emiliochess"]
[Result "0-1"]
[WhiteElo "2403"]
[BlackElo "2302"]
[TimeControl "180+1"]
[EndTime "11:52:02 PST"]
[Termination "emiliochess won on time"]

1. g4 d5 2. Bg2 Bxg4 3. c4 c6 4.
Qb3 Qb6 5. Qxb6 axb6 6. cxd5 Nf6 7. Nc3 g6 8. d3 Bg7 9. Be3 Nxd5 10. Nxd5 cxd5 11.
Bxd5 Bxb2 12. Rb1 Bc3+ 13. Kf1 Nd7 14. Bxb6 O-O 15. Be3 Ra5 16. Bc4 Ne5 17. Bb3 Rfa8 18. f3 Bf5 19. Kf2 Nc6 20. Bc4 Ne5 21. Bb3 Kg7 22.
h4 h5 23. Nh3 Nc6 24. Bc4 Ne5 25. Bb3 Nc6 26. Nf4 e6 27. Bc4 e5 28. Nd5 Bd4 29. Nc7 Rc8 30. Nb5 Kf6 31. Nd6 Rd8 32. Nxb7 Rda8 33.
Nxa5 Rxa5 34. Rb7 Nd8 35. Rb8 Nc6 0-1

[Event "*** Titled Tuesday Blitz"]
[Site "Chess.com"]
[Date "2020.11.10"]
[Round "9"]
[White "catzapto"]
[Black "GMJustin"]
[Result "0-1"]
[WhiteElo "2144"]
[BlackElo "2317"]
[TimeControl "180+1"]
[EndTime "11:52:02 PST"]
[Termination "GMJustin won by resignation"]

1. e4 e5 2. Nf3 Nc6 3. d4 exd4 4. Bc4 Nf6 5. e5 Ne4 6. c3 d5 7. Bb5 dxc3 8. O-O cxb2 9. Bxb2 Be7 10. Nd4 Bd7 11. e6 fxe6 12. Qh5+ g6 13. Qh6 Nxd4 14. Bxd7+ Kxd7 15. Bxd4 Bf6 16. Qe3 Bxd4 17. Qxd4 Qf6 18. Qxf6 Nxf6 19. f3 e5 20. Nd2 Rhe8 21. Rad1 c6 22.
Ne4 Nxe4 23. fxe4 Ke6 24. Rb1 Re7 25. exd5+ cxd5 26. Rb5 Rd8 27. Rfb1 Rdd7 28. a4 e4 29. Kf2 d4 30. Ke2 Rd5 31. Rxb7 Rxb7 32. Rxb7 Ra5 33.
Rb4 Kd5 34. Kd2 Kc5 35. Rb7 Rxa4 36. Rc7+ Kd6 37. Rxh7 Ra2+ 38. Kd1 Rxg2 39. h4 d3 40. Rh8 Kd5 41. h5 gxh5 42. Rd8+ Kc4 43. Rc8+ Kd4 44.
Rg8 Rxg8 45. Ke1 e3 0-1

[Event "*** Titled Tuesday Blitz"]
[Site "Chess.com"]
[Date "2020.11.10"]
[Round "9"]
[White "Margency"]
[Black "gilbert_gm"]
[Result "0-1"]
[WhiteElo "2680"]
[BlackElo "2558"]
[TimeControl "180+1"]
[EndTime "11:52:03 PST"]
[Termination "gilbert_gm won by resignation"]

1. e4 e5 2. Nf3 Nc6 3. Nc3 Nf6 4. Bb5 Bb4 5. O-O O-O 6. d3 Bxc3 7. bxc3 d6 8. Bg5 Ne7 9. Nh4 Ng6 10. Nxg6 fxg6 11. Bc4+ Kh8 12. f4 h6 13. fxe5 dxe5 14. Bh4 Qe7 15.
Qe1 Be6 16. Bb3 c5 17. Bxe6 Qxe6 18. c4 b6 19. a4 g5 20. Bg3 Nh5 21. Qe3 Nf4 22. a5 Rab8 23. axb6 axb6 24. Ra7 Rf6 25. Rfa1 Rbf8 26. Ra8 Kh7 27. Rxf8 Rxf8 28. h3 Nxh3+ 29. gxh3 Qxh3 30. Re1 g4 31. Bxe5 Rf1+ 32. Rxf1 Qxe3+ 33. Kg2 Qh3+ 34. Kf2 h5 35. Ke2 g3 36. Rf7 Qg4+ 37. Kf1 Qd1+ 38. Kg2 Qxc2+ 39. Kxg3 Qxd3+ 40. Kh2 Qe2+ 41. Kg3 Qg4+ 42. Kh2 Qh4+ 43. Kg1 Qg5+ 0-1

[Event "*** Titled Tuesday Blitz"]
[Site "Chess.com"]
[Date "2020.11.10"]
[Round "9"]
[White "Praslov"]
[Black "sboshaon21"]
[Result "1-0"]
[WhiteElo "2389"]
[BlackElo "2069"]
[TimeControl "180+1"]
[EndTime "11:52:03 PST"]
[Termination "Praslov won on time"]

1. d4 d5 2. c4 c6 3. cxd5 cxd5 4. Nc3 Nf6 5. Bf4 e6 6. e3 a6 7. Bd3 Bd6 8. Bxd6 Qxd6 9. f4 Nc6 10. Nf3 O-O 11. O-O b5 12. Rc1 Bb7 13. Ne5 Ne7 14.
Qf3 Rac8 15. g4 b4 16. g5 Nd7 17. Na4 Nf5 18. Nxd7 Qxd7 19. Nc5 Qe7 20. Rc2 a5 21. Rfc1 Ba8 22. Qe2 Nd6 23. b3 f6 24. gxf6 Qxf6 25. Kh1 Qe7 26. Rg1 Nf5 27. Rg2 Rcd8 28. Rc1 Rf6 29.
Rcg1 g6 30. Rg5 Kh8 31. h4 Ng7 32. R1g2 Rdf8 33. Qc2 Ne8 34. h5 Kg7 35. hxg6 hxg6 36. Bxg6 1-0

[Event "*** Titled Tuesday Blitz"]
[Site "Chess.com"]
[Date "2020.11.10"]
[Round "9"]
[White "andriipalchuk"]
[Black "Fins0905"]
[Result "1/2-1/2"]
[WhiteElo "2447"]
[BlackElo "2614"]
[TimeControl "180+1"]
[EndTime "11:52:04 PST"]
[Termination "Game drawn by repetition"]

1. e4 d5 2. exd5 Qxd5 3. Nc3 Qa5 4. Nf3 Nf6 5. d4 Bf5 6. Ne5 c6 7. Nc4 Qd8 8. Be3 e6 9. Be2 Be7 10. g4 Be4 11. Nxe4 Nxe4 12. O-O Nd7 13. Nd2 Nxd2 14. Qxd2 Qc7 15. c4 Bd6 16. h3 O-O 17. Rad1 Rfe8 18. f4 Rad8 19. Kg2 Nf8 20. Bd3 Ng6 21. Bxg6 hxg6 22. Qe2 Be7 23. b3 a5 24. Rd3 a4 25.
bxa4 Ra8 26. Qc2 Qa5 27. Rb1 Reb8 28. Kf3 Qxa4 29. Qxa4 Rxa4 30. Rdb3 Rxc4 31. Rxb7 Re8 32. Rb8 Rxb8 33. Rxb8+ Kh7 34. Ra8 Bf6 35. Ke4 Rb4 36. Kd3 Rb1 37. a4 Rb3+ 38. Ke2 Rb4 39. Kd3 Rb3+ 40. Ke4 Rb4 41. Kd3 Rb3+ 1/2-1/2

[Event "*** Titled Tuesday Blitz"]
[Site "Chess.com"]
[Date "2020.11.10"]
[Round "9"]
[White "TorFredrikKaasen"]
[Black "hansen"]
[Result "0-1"]
[WhiteElo "2737"]
[BlackElo "2899"]
[TimeControl "180+1"]
[EndTime "11:52:05 PST"]
[Termination "hansen won on time"]

1. d4 Nf6 2. c4 e6 3. Nf3 Bb4+ 4. Nbd2 Be7 5. e4 d6 6. Bd3 Nc6 7. d5 Ne5 8. Nxe5 dxe5 9. Nf3 O-O 10. O-O Bd6 11. h3 h6 12. Be3 b6 13. Rc1 Qe7 14.
Qc2 Nd7 15. Rfd1 a5 16. Bf1 Nc5 17. Bd2 exd5 18. exd5 e4 19. Re1 f5 20. Bc3 Bd7 21. Nd4 Rae8 22. Nb3 Ba4 23. Rcd1 Qg5 24. Bd4 Qf4 25.
g3 Qg5 26. h4 Qg6 27. Qc3 Bxb3 28. axb3 f4 29. Bg2 e3 30. gxf4 Rxf4 31. fxe3 Rg4 32.
Qd2 Nxb3 33. Qe2 Nxd4 34. Rxd4 Rxd4 0-1

[Event "*** Titled Tuesday Blitz"]
[Site "Chess.com"]
[Date "2020.11.10"]
[Round "9"]
[White "alejanchess73"]
[Black "Sofiia_Hryzlova"]
[Result "0-1"]
[WhiteElo "2462"]
[BlackElo "2325"]
[TimeControl "180+1"]
[EndTime "11:52:05 PST"]
[Termination "Sofiia_Hryzlova won on time"]

1. d4 Nf6 2. c4 e6 3. Nc3 Bb4 4. a3 Bxc3+ 5. bxc3 O-O 6. Qc2 b6 7. e4 Bb7 8. Bd3 h6 9. Ne2 d6 10. O-O Nbd7 11. f4 d5 12. cxd5 exd5 13. e5 Ne4 14. f5 Qh4 15. Be3 Rae8 16. Rf3 c5 17. Rh3 Qd8 18. f6 Ndxf6 19. exf6 Qxf6 20. Bxe4 Rxe4 21. Bf2 Ba6 22. Ng3 Re6 23. dxc5 bxc5 24. Bxc5 Rfe8 25. Bf2 Re2 26. Nxe2 Rxe2 27. Rf3 Qxf3 28. gxf3 Rxc2 29. Bd4 Bc4 30. Rb1 a6 31. Rb8+ Kh7 32. Rb7 Kg6 33.
h4 h5 34. f4 Bd3 35. Rd7 Be4 36. Rd6+ f6 37. Rxa6 Rg2+ 38. Kf1 Rg4 39. Ke1 Rxh4 40. Be3 Rh1+ 41. Kd2 Ra1 42. a4 h4 43. Ra8 h3 44.
Rh8 Ra2+ 45. Kd1 h2 46. f5+ Kf7 0-1